 Dungeon Crawl Stone Soup version 0.21-a0-400-g417d9d2 (webtiles) character file.

87 tof the Chopper (level 4, -1/41 HPs)
             Began as a Minotaur Monk on Oct 20, 2017.
             Slain by a gnoll
             ... wielding a +1 spear of venom
              (5 damage)
             ... on level 2 of the Dungeon.
             The game lasted 00:02:29 (1657 turns).

tof the Chopper (Minotaur Monk)                     Turns: 1657, Time: 00:02:30

Health: -1/41      AC:  6    Str: 16    XL:     4   Next: 28%
Magic:  3/3        EV: 12    Int:  7    God:
Gold:   55         SH:  0    Dex: 13    Spells: 3/3 levels left

rFire    . . .     SeeInvis .   a - +0 hand axe
rCold    . . .     Gourm    .   (no shield)
rNeg     . . .     Faith    .   f - +0 ring mail
rPois    .         Spirit   .   (helmet restricted)
rElec    .         Reflect  .   (no cloak)
rCorr    .         Harm     .   h - +0 pair of gloves
MR       .....                  (no boots)
Stlth    +.........             (no amulet)
HPRegen  0.13/turn              (no ring)
MPRegen  0.08/turn              (no ring)

@: lethally poisoned (-1 -> -24)
A: retaliatory headbutt, horns 2
a: no special abilities


You were on level 2 of the Dungeon.
You were not hungry.

You visited 1 branch of the dungeon, and saw 2 of its levels.

You collected 55 gold pieces.

Inventory:

Hand Weapons
 a - a +0 hand axe (weapon)
Armour
 b - a +0 robe
 f - a +0 ring mail (worn)
 h - a +0 pair of gloves (worn)
Scrolls
 e - 2 scrolls of identify {unknown}
 n - a scroll of amnesia {unknown}
Potions
 d - 2 potions of lignification {unknown}
 g - a potion of heal wounds {unknown}
 j - 2 potions of curing {unknown}
 k - a potion of agility {unknown}
 m - a potion of haste {unknown}
Comestibles
 c - 3 bread rations
 i - 7 chunks of flesh
 l - a meat ration


   Skills:
 + Level 4.4 Fighting
 * Level 5.1 Axes
 + Level 2.1 Armour
 - Level 3.2 Dodging
 - Level 1.5 Stealth


You had 3 spell levels left.
You didn't know any spells.

Dungeon Overview and Level Annotations

Branches:
Dungeon (2/15)

Altars:


Innate Abilities, Weirdness & Mutations

You reflexively headbutt those who attack you in melee.
You have a pair of horns on your head.


Message History

The gnoll barely misses you. You furiously retaliate!
You headbutt the gnoll, but do no damage.
The gnoll hits you but does no damage.
You are lethally poisoned!
You hit the gnoll. Your headbutt misses the gnoll.
The gnoll is moderately wounded.
You barely miss the gnoll. You hit the gnoll.
You feel sick.
The gnoll hits you with an enchanted spear.
The gnoll hits you with a spear!
* * * LOW HITPOINT WARNING * * *
The gnoll barely misses you. You furiously retaliate!
You headbutt the gnoll. You closely miss the gnoll.
The gnoll is severely wounded.
You closely miss the gnoll. You hit the gnoll.
* * * LOW HITPOINT WARNING * * *
You feel very sick. The gnoll closely misses you.
The gnoll hits you with a spear.
* * * LOW HITPOINT WARNING * * *
The gnoll hits you with a spear of venom.
You die...

...(.<.......
#......#..... ####
....#...(##.. ##...#
#.....))...
##.....#######..........
#.................#.....
#.......................
#.....g...........##....
#....g@..........###...
#....>g...........###...
#..................##...
#...................###.
##.....#................
##...##.........<.....#
#### ##########.......
#........ #........


You could see 3 gnolls.

Vanquished Creatures
  A gnoll (D:2)
  2 adders (D:2)
  An ooze (D:1)
  2 worms
  A dart slug (D:2)
  3 leopard geckos (D:2)
  4 bats
  A giant cockroach (D:2)
  5 goblins
  5 hobgoblins
  6 jackals
  2 quokkas (D:2)
  A ball python (D:2)
  2 frilled lizards (D:1)
  4 kobolds (D:2)
  5 rats
45 creatures vanquished.

Notes
Turn   | Place    | Note
-------+----------+-------------------------------------------
     0 | D:1      | tof the Minotaur Monk began the quest for the Orb.
     0 | D:1      | Reached XP level 1. HP: 19/19 MP: 0/0
   213 | D:1      | Reached skill level 4 in Axes
   215 | D:1      | Reached XP level 2. HP: 23/27 MP: 1/1
   316 | D:1      | Reached skill level 1 in Armour
  1006 | D:2      | Reached XP level 3. HP: 7/33 MP: 2/2
  1519 | D:2      | Reached XP level 4. HP: 34/40 MP: 3/3
  1588 | D:2      | Reached skill level 5 in Axes
  1657 | D:2      | Slain by a gnoll

Vault maps used:
D:1:      onia_arrival_mini_maze_b

Skill      XL: |  1  2  3  4 |
---------------+-------------+-----
Axes           | 4 5 |  5.1
Armour         | 1 2 |  2.1
Fighting       | 4 |  4.4
Dodging        | |  3.2
Stealth        | |  1.5

Action                   |  1- 3 |  4- 6 || total
-------------------------+-------+-------++-------
Melee: Hand axe          |    91 |    19 ||   110
       Headbutt          |    14 |     2 ||    16
 Stab: Sleeping          |     3 |       ||     3
  Eat: Chunk             |     2 |       ||     2
Armor: Robe              |     5 |       ||     5
       Ring mail         |    20 |    11 ||    31
Dodge: Dodged            |    63 |    22 ||    85

Table legend:
 A = Spawn XP
 B = Non-spawn XP
 C = Spawn XP percentage of total XP
 D = Spawn monster count
 E = Non-spawn monster count
 F = Spawn count percentage of total count
 G = Total turns spent on level
                    A         B        C        D         E        F      G
               +---------+---------+-------+---------+---------+-------+---------
         Total |       0 |     125 |   0.0 |       0 |      45 |   0.0 |  1657
               +---------+---------+-------+---------+---------+-------+---------
           D:1 |       0 |      35 |   0.0 |       0 |      16 |   0.0 |   983
           D:2 |       0 |      90 |   0.0 |       0 |      29 |   0.0 |   674
               +---------+---------+-------+---------+---------+-------+---------
